 Dungeon Crawl Stone Soup version 0.19-a0-790-ge39e1af (webtiles) character file.

162 Ijustatesigmund the Stinger (level 5, 0/41 HPs)
             Began as a Formicid Venom Mage on June 26, 2016.
             Was a Follower of Cheibriados.
             Slain by an orc
             ... wielding a +0 club
              (6 damage)
             ... on level 3 of the Dungeon.
             The game lasted 00:10:14 (3637 turns).

Ijustatesigmund the Stinger (Formicid Venom Mage)   Turns: 3637, Time: 00:10:14

Health: 0/41       AC:  5    Str: 16    XL:     5   Next: 71%
Magic:  7/8        EV: 12    Int: 17    God:    Cheibriados [*.....]
Gold:   105        SH:  0    Dex: 15    Spells: 2 memorised, 4 levels left

rFire  + . .     SeeInvis +     d - +1 spear
rCold  + . .     Gourm    .     a - +0 robe
rNeg   . . .     Faith    .     (no shield)
rPois  +         Spirit   .     (helmet unavailable)
rElec  +         Dismiss  .     (no cloak)
rCorr  +         Reflect  .     (no gloves)
SustAt .         Harm     .     e - +2 pair of boots
MR     .....                    (no amulet)
Stlth  ++........               (no ring)
                                (no ring)

@: lethally poisoned (0 -> -10), resistant, very slow, not resistant to hostile
enchantments, unstealthy
A: permanent stasis, dig shafts and tunnels, four strong arms, antennae 3
a: Dig, Shaft Self, Bend Time, Renounce Religion


You were on level 3 of the Dungeon.
You worshipped Cheibriados.
Cheibriados was aware of your devotion.
You were not hungry.

You visited 1 branch of the dungeon, and saw 4 of its levels.

You collected 105 gold pieces.

Inventory:

Hand Weapons
 d - a +1 spear (weapon)
Armour
 a - a +0 robe (worn)
 e - a +2 pair of boots (worn)
 q - a +1 ring mail of positive energy
Jewellery
 l - an uncursed amulet of faith {unknown}
Scrolls
 h - a scroll of amnesia
 i - 2 scrolls of enchant armour
 n - a scroll of identify {unknown}
 p - a scroll of remove curse {unknown}
Potions
 g - a potion of magic
 k - 2 potions of agility
Books
 b - a Young Poisoner's Handbook

   Spells                             Type                      Level
   a - Sting                          Conjuration/Poison           1
   b - Mephitic Cloud                 Conjuration/Poison/Air       3
   c - Olgreb's Toxic Radiance        Poison                       4
   d - Alistair's Intoxication        Transmutation/Poison         5
   e - Venom Bolt                     Conjuration/Poison           5
Comestibles
 c - 3 bread rations
 f - a beef jerky
 m - 2 meat rations
 o - a fruit


   Skills:
 - Level 3.0 Fighting
 - Level 1.7 Dodging
 - Level 2.4 Stealth
 - Level 2.3 Spellcasting
 + Level 2.3 Conjurations
 + Level 1.7 Air Magic
 - Level 5.4 Poison Magic


You had 4 spell levels left.
You knew the following spells:

 Your Spells              Type           Power        Failure   Level  Hunger
a - Sting                 Conj/Pois      ###.         3%          1    #......
b - Mephitic Cloud        Conj/Pois/Air  ##......     17%         3    ###....


Dungeon Overview and Level Annotations

Branches:
Dungeon (4/15)
 Temple: D:4-7

Altars:
Cheibriados
Trog
Vehumet


Innate Abilities, Weirdness & Mutations

You are under a permanent stasis effect.
You can dig through walls and to a lower floor.
Your four strong arms can wield two-handed weapons with a shield.
You have a pair of large antennae on your head. (SInv)


Message History

There is a stone staircase leading down here.
It was a potion of magic.
Magic courses through your body.
You feel sick. The orc barely misses you. The orc hits you with a club.
* * * LOW HITPOINT WARNING * * *
It was a potion of haste.
Your stasis keeps you stable.
* * * LOW HITPOINT WARNING * * *
You feel sick. The orc barely misses you. The orc completely misses you.
It was a potion of resistance.
You feel protected.
* * * LOW HITPOINT WARNING * * *
You feel sick. The orc barely misses you. The orc hits you but does no damage.
Casting: Sting
Confirm with . or Enter, or press ? or * to list all spells.
Aiming: Sting
Press: ? - help, Shift-Dir - straight line, f - orc
Aim: an orc, wielding a hand axe and wearing a leather armour The sting misses the orc.
* * * LOW HITPOINT WARNING * * *
You feel sick. The orc barely misses you. The orc hits you with a club.
You die...

#######......###<
#....##..........
#....##......###. #######
#....##......###.
#.....###....##..........
#.....##.....++..........
#.....##.....##..........
#.....##.o...###.####....
#.....##@................
#........o..####.####....
#.......[...# #.# #.)...
#...........## #.# #.....
#...........รท###+###.....
#........................
##.......................
###########.............
#...........#.


You could see 2 orcs.

Vanquished Creatures
  An orc wizard (D:3)
  4 adders
  2 oozes
  4 worms (D:3)
  5 dart slugs
  A giant gecko (D:2)
  2 orcs (D:3)
  7 bats
  A giant cockroach (D:2)
  5 goblins
  14 hobgoblins
  8 kobolds
  A quokka (D:3)
  2 giant newts (D:1)
  A quokka skeleton (D:3)
  6 rats
64 creatures vanquished.

Notes
Turn   | Place    | Note
--------------------------------------------------------------
     0 | D:1      | Ijustatesigmund the Formicid Venom Mage began the quest for the Orb.
     0 | D:1      | Reached XP level 1. HP: 13/13 MP: 3/3
   149 | D:1      | Reached skill level 1 in Fighting
   260 | D:1      | Reached XP level 2. HP: 22/22 MP: 0/5
   631 | D:1      | Reached XP level 3. HP: 28/28 MP: 0/6
   636 | D:1      | Learned a level 3 spell: Mephitic Cloud
  1575 | D:2      | Reached skill level 1 in Conjurations
  1575 | D:2      | Reached XP level 4. HP: 30/34 MP: 2/7
  1878 | D:2      | Found a snail-covered altar of Cheibriados.
  1886 | D:2      | Became a worshipper of Cheibriados the Contemplative
  2604 | D:3      | Found a bloodstained altar of Trog.
  2697 | D:3      | Reached skill level 1 in Air Magic
  2697 | D:3      | Reached XP level 5. HP: 34/41 MP: 4/8
  2880 | D:3      | Reached * piety under Cheibriados
  3229 | D:4      | Found a radiant altar of Vehumet.
  3232 | D:4      | Noticed an orc warrior
  3637 | D:3      | Slain by an orc

Vault maps used:
D:1:      lightli_arrival_flooded_house, minmay_statues_item,
          minmay_misc_feat_hallway
D:2:      cheibriados_altar_1
D:3:      lightli_temple_of_fire
D:4:      nicolae_tso_besieged_by_evil, serial_shops, shop,
          vehumet_altar_wand_db

Skill      XL: |  1  2  3  4  5 |
---------------+----------------+-----
Fighting       | 1 2 3 |  3.0
Conjurations   | 1 2 |  2.3
Air Magic      | 1 |  1.7
Dodging        | |  1.7
Stealth        | |  2.4
Spellcasting   | |  2.3
Poison Magic   | |  5.4

Action                   |  1- 3 |  4- 6 || total
-------------------------+-------+-------++-------
Melee: Spear             |    61 |    92 ||   153
 Cast: Sting             |    36 |    69 ||   105
 Abil: Dig               |       |     2 ||     2
  Use: Scroll            |     7 |       ||     7
       Potion            |       |     3 ||     3
 Stab: Sleeping          |       |     1 ||     1
  Eat: Chunk             |     3 |     7 ||    10
Armor: Robe              |    19 |    19 ||    38
Dodge: Dodged            |    41 |    55 ||    96
